TOP OF THE 1ST |
Jackson HS Swamp Bats batting - Pitching for Huntsville HS Wasps : LHP Chris Kerr
|
Pitching: LHP Chris Kerr
|
|
Batting: LHB Brad Fuller
|
0-0: Ball 1-0: SINGLE (Flyball, 9LS) - OUT at second base trying to stretch hit.
|
Batting: RHB Ron Frost
|
0-0: Foul Ball, location: 2F 0-1: Ball 1-1: Swinging Strike 1-2: Foul Ball, location: 2F 1-2: SINGLE (Groundball, 6D)
|
Batting: RHB Julián García
|
0-0: Swinging Strike 0-1: Ball 1-1: Fly out, F9 (Flyball, 9LMF)
|
Batting: RHB Anthony O'Bryan
|
0-0: Ball 1-0: Ball 2-0: Swinging Strike 2-1: Swinging Strike 2-2: Strikes out swinging
|
Top of the 1st over - 0 run(s), 2 hit(s), 0 error(s), 1 left on base; Jackson HS 0 - Huntsville HS 0 |
BOTTOM OF THE 1ST |
Huntsville HS Wasps batting - Pitching for Jackson HS Swamp Bats : RHP Pat Hardy
|
Pitching: RHP Pat Hardy
|
|
Batting: SHB José Chávez
|
0-0: Ball 1-0: Foul Ball, location: 2F 1-1: Foul Ball, location: 2F 1-2: Ball 2-2: Ball 3-2: Fly out, F5 (Popup, 5L)
|
Batting: RHB Esteban Garza
|
0-0: Called Strike 0-1: Swinging Strike 0-2: Foul Ball, location: 2F 0-2: Ball 1-2: Foul Ball, location: 2F 1-2: Foul Ball, location: 2F 1-2: Strikes out swinging
|
Batting: RHB Christian Porter
|
0-0: Called Strike 0-1: Foul Ball, location: 2F 0-2: Foul Ball, location: 2F 0-2: Foul Ball, location: 2F 0-2: Strikes out looking
|
Bottom of the 1st over - 0 run(s), 0 hit(s), 0 error(s), 0 left on base; Jackson HS 0 - Huntsville HS 0 |
TOP OF THE 2ND |
Jackson HS Swamp Bats batting - Pitching for Huntsville HS Wasps : LHP Chris Kerr
|
Batting: RHB Brandon Davis
|
0-0: Ball 1-0: Ball 2-0: Called Strike 2-1: Ball 3-1: Swinging Strike 3-2: Base on Balls
|
Batting: RHB Ken Case
|
0-0: Swinging Strike 0-1: Ball 1-1: Ball 2-1: Ball 3-1: Base on Balls Brandon Davis to second
|
Batting: RHB Brendon Bachman
|
0-0: Called Strike 0-1: Ball 1-1: Swinging Strike 1-2: Foul Ball, location: 2F 1-2: Strikes out swinging
|
Batting: RHB Dan Crowder
|
0-0: Ball Throwing error on steal attempt, E2 Brandon Davis scores Ken Case to third 1-0: Ground out 5-3 (Groundball, 56) Ken Case scores
|
Batting: LHB Carlos Anaya
|
0-0: Ball 1-0: Fly out, F8 (Line Drive, 8RM)
|
Top of the 2nd over - 2 run(s), 0 hit(s), 1 error(s), 0 left on base; Jackson HS 2 - Huntsville HS 0 |
BOTTOM OF THE 2ND |
Huntsville HS Wasps batting - Pitching for Jackson HS Swamp Bats : RHP Pat Hardy
|
Batting: RHB Jorge Cortéz
|
0-0: Ball 1-0: Fly out, F8 (Flyball, 8RM)
|
Batting: SHB Doug Acevedo
|
0-0: Ball 1-0: Swinging Strike 1-1: Swinging Strike 1-2: Foul Ball, location: 2F 1-2: Strikes out swinging
|
Batting: RHB Jim Mak
|
0-0: Ball 1-0: Ball 2-0: Ball 3-0: Called Strike 3-1: Called Strike 3-2: Base on Balls
|
Batting: RHB Peyton Ryan
|
0-0: Ball 1-0: Ball 2-0: Ball 3-0: Called Strike 3-1: Called Strike 3-2: Reached on error, E4 (Groundball, 34) Jim Mak to third
|
Batting: RHB Roberto Peńa
|
0-0: SINGLE (Groundball, 34) (infield hit) Jim Mak scores Peyton Ryan to third
|
Batting: RHB Mike Kennedy
|
0-0: Called Strike 0-1: Ball 1-1: Foul Ball, location: 2F 1-2: Foul Ball, location: 2F 1-2: Ball 2-2: DOUBLE (Line Drive, 7) Peyton Ryan scores Roberto Peńa to third
|
Batting: SHB José Chávez
|
0-0: Called Strike 0-1: Ball 1-1: Foul Ball, location: 2F 1-2: Ball 2-2: Ball 3-2: Fly out, F9 (Line Drive, 9)
|
Bottom of the 2nd over - 2 run(s), 2 hit(s), 1 error(s), 2 left on base; Jackson HS 2 - Huntsville HS 2 |
TOP OF THE 3RD |
Jackson HS Swamp Bats batting - Pitching for Huntsville HS Wasps : LHP Chris Kerr
|
Batting: LHB Brad Fuller
|
0-0: Called Strike 0-1: Ball 1-1: Ball 2-1: SINGLE (Line Drive, 4)
|
Batting: RHB Ron Frost
|
0-0: Ball 1-0: Foul Ball, location: 2F 1-1: Ball 2-1: Foul Ball, location: 2F 2-2: SINGLE (Line Drive, 7S) Brad Fuller to second
|
Batting: RHB Julián García
|
0-0: Foul Ball, location: 2F 0-1: Foul Ball, location: 2F 0-2: Ball 1-2: Ball 2-2: SINGLE (Line Drive, 7S) Brad Fuller to third Ron Frost to second Runner from 3rd tries for Home, SAFE, throw made home Ron Frost to third Julián García to second
|
Batting: RHB Anthony O'Bryan
|
0-0: Ground out 6-3 (Groundball, 6) Ron Frost scores Julián García to third
|
Batting: RHB Brandon Davis
|
0-0: Ball 1-0: TRIPLE (Flyball, 89D) Julián García scores
|
Pinch Runner at 3rd Russell Ferguson:
|
|
Batting: RHB Ken Case
|
0-0: Called Strike 0-1: Swinging Strike 0-2: Strikes out swinging
|
Batting: RHB Brendon Bachman
|
0-0: Ground out 6-3 (Groundball, 6)
|
Top of the 3rd over - 3 run(s), 4 hit(s), 0 error(s), 1 left on base; Jackson HS 5 - Huntsville HS 2 |
BOTTOM OF THE 3RD |
Huntsville HS Wasps batting - Pitching for Jackson HS Swamp Bats : RHP Pat Hardy
|
Now in RF: Russell Ferguson
|
|
Batting: RHB Esteban Garza
|
0-0: Fly out, F8 (Line Drive, 89S)
|
Batting: RHB Christian Porter
|
0-0: Ground out U3 (Groundball, 3)
|
Batting: RHB Jorge Cortéz
|
0-0: Ground out 5-3 (Groundball, 5)
|
Bottom of the 3rd over - 0 run(s), 0 hit(s), 0 error(s), 0 left on base; Jackson HS 5 - Huntsville HS 2 |
TOP OF THE 4TH |
Jackson HS Swamp Bats batting - Pitching for Huntsville HS Wasps : LHP Chris Kerr
|
Batting: RHB Dan Crowder
|
0-0: Foul Ball, location: 2F 0-1: Foul Ball, location: 2F 0-2: Strikes out swinging
|
Batting: LHB Carlos Anaya
|
0-0: Ball 1-0: Ball 2-0: Called Strike 2-1: Swinging Strike 2-2: Fly out, F9 (Flyball, 89M)
|
Batting: LHB Brad Fuller
|
0-0: Ball 1-0: Fly out, F9 (Line Drive, 9D)
|
Top of the 4th over - 0 run(s), 0 hit(s), 0 error(s), 0 left on base; Jackson HS 5 - Huntsville HS 2 |
BOTTOM OF THE 4TH |
Huntsville HS Wasps batting - Pitching for Jackson HS Swamp Bats : RHP Pat Hardy
|
Batting: SHB Doug Acevedo
|
0-0: Ball 1-0: Ball 2-0: Called Strike 2-1: Swinging Strike 2-2: Strikes out swinging
|
Batting: RHB Jim Mak
|
0-0: Foul Ball, location: 2F 0-1: Called Strike 0-2: Strikes out swinging
|
Batting: RHB Peyton Ryan
|
0-0: Ball 1-0: Foul Ball, location: 2F 1-1: Swinging Strike 1-2: Ball 2-2: Foul Ball, location: 2F 2-2: Strikes out looking
|
Bottom of the 4th over - 0 run(s), 0 hit(s), 0 error(s), 0 left on base; Jackson HS 5 - Huntsville HS 2 |
TOP OF THE 5TH |
Jackson HS Swamp Bats batting - Pitching for Huntsville HS Wasps : LHP Chris Kerr
|
Batting: RHB Ron Frost
|
0-0: Ball 1-0: Called Strike 1-1: Foul Ball, location: 2F 1-2: Strikes out looking
|
Batting: RHB Julián García
|
0-0: Ball 1-0: Ball 2-0: Ball 3-0: Called Strike 3-1: Fly out, F9 (Flyball, 89M)
|
Batting: RHB Anthony O'Bryan
|
0-0: Foul Ball, location: 2F 0-1: Ball 1-1: Foul Ball, location: 2F 1-2: Ball 2-2: Ball 3-2: Foul Ball, location: 2F 3-2: Strikes out swinging
|
Top of the 5th over - 0 run(s), 0 hit(s), 0 error(s), 0 left on base; Jackson HS 5 - Huntsville HS 2 |
BOTTOM OF THE 5TH |
Huntsville HS Wasps batting - Pitching for Jackson HS Swamp Bats : RHP Pat Hardy
|
Batting: RHB Roberto Peńa
|
0-0: Ground out 6-3 (Groundball, 6)
|
Batting: RHB Mike Kennedy
|
0-0: Called Strike 0-1: Ball 1-1: Ball 2-1: Ball 3-1: Base on Balls
|
Batting: SHB José Chávez
|
0-0: Called Strike 0-1: Ball 1-1: Foul Ball, location: 2F 1-2: Ball 2-2: Foul Ball, location: 2F 2-2: Ball 3-2: Base on Balls Mike Kennedy to second
|
Pitching: RHP Carter Mortensen
|
|
Batting: RHB Esteban Garza
|
0-0: Ball 1-0: Ball 2-0: Ball Passed Ball! Mike Kennedy to third José Chávez to second 3-0: Base on Balls
|
Batting: RHB Christian Porter
|
0-0: Ball 1-0: Swinging Strike 1-1: Foul Ball, location: 2F 1-2: Ball 2-2: Ball 3-2: Foul Ball, location: 2F 3-2: Fly out, F7 (Line Drive, 7) Runner from 3rd tags up, SCORES, no throw
|
Batting: RHB Jorge Cortéz
|
0-0: Foul Ball, location: 2F 0-1: Called Strike 0-2: Ball 1-2: Fly out, F8 (Line Drive, 8LD)
|
Bottom of the 5th over - 1 run(s), 0 hit(s), 0 error(s), 2 left on base; Jackson HS 5 - Huntsville HS 3 |
TOP OF THE 6TH |
Jackson HS Swamp Bats batting - Pitching for Huntsville HS Wasps : LHP Chris Kerr
|
Batting: RHB Russell Ferguson
|
0-0: Ball 1-0: Foul Ball, location: 2F 1-1: Called Strike 1-2: Foul Ball, location: 2F 1-2: Foul Ball, location: 2F 1-2: Fly out, F9 (Flyball, 9)
|
Batting: RHB Ken Case
|
0-0: Foul Ball, location: 2F 0-1: Called Strike 0-2: Ball 1-2: Ball 2-2: Ball 3-2: Strikes out swinging
|
Batting: RHB Brendon Bachman
|
0-0: Foul Ball, location: 2F 0-1: Called Strike 0-2: Ball 1-2: Strikes out swinging
|
Top of the 6th over - 0 run(s), 0 hit(s), 0 error(s), 0 left on base; Jackson HS 5 - Huntsville HS 3 |
BOTTOM OF THE 6TH |
Huntsville HS Wasps batting - Pitching for Jackson HS Swamp Bats : RHP Carter Mortensen
|
Batting: SHB Doug Acevedo
|
0-0: Foul Ball, location: 2F 0-1: Ground out 4-3 (Groundball, 34)
|
Batting: RHB Jim Mak
|
0-0: Called Strike 0-1: Ball 1-1: Foul Ball, location: 2F 1-2: Strikes out swinging
|
Batting: RHB Peyton Ryan
|
0-0: SINGLE (Line Drive, 89S)
|
Batting: RHB Roberto Peńa
|
0-0: Swinging Strike 0-1: Swinging Strike 0-2: Fly out, F8 (Flyball, 8LM)
|
Bottom of the 6th over - 0 run(s), 1 hit(s), 0 error(s), 1 left on base; Jackson HS 5 - Huntsville HS 3 |
TOP OF THE 7TH |
Jackson HS Swamp Bats batting - Pitching for Huntsville HS Wasps : LHP Chris Kerr
|
Pitching: LHP Paul Seymour
|
|
Batting: RHB Dan Crowder
|
0-0: Ball 1-0: Ball 2-0: Foul Ball, location: 2F 2-1: Reached on error, E5 (Groundball, 5)
|
Batting: LHB Carlos Anaya
|
0-0: Ball 1-0: Bunted foul 1-1: Sac Bunt - play at first, batter OUT! 3-4 Dan Crowder to second
|
Pitching: LHP Doug Hicks
|
|
Batting: LHB Brad Fuller
|
0-0: Called Strike Dan Crowder steals 3rd base 0-1: Ball 1-1: Ball 2-1: Ball 3-1: Ground out 4-3 (Groundball, 34S)
|
Pitching: RHP Terrence Johnson
|
|
Batting: RHB Ron Frost
|
0-0: Called Strike 0-1: Ball 1-1: Swinging Strike 1-2: Foul Ball, location: 2F 1-2: Ground out 6-3 (Groundball, 56)
|
Top of the 7th over - 0 run(s), 0 hit(s), 1 error(s), 1 left on base; Jackson HS 5 - Huntsville HS 3 |
BOTTOM OF THE 7TH |
Huntsville HS Wasps batting - Pitching for Jackson HS Swamp Bats : RHP Carter Mortensen
|
Batting: RHB Mike Kennedy
|
0-0: Ball 1-0: Ground out 1-3 (Groundball, 13S)
|
Batting: SHB José Chávez
|
0-0: Called Strike 0-1: Ball 1-1: TRIPLE (Flyball, 7LM)
|
Batting: RHB Esteban Garza
|
0-0: Called Strike 0-1: Ball 1-1: Ball 2-1: Ball 3-1: Base on Balls
|
Batting: RHB Christian Porter
|
0-0: Ball 1-0: Ball 2-0: Ball 3-0: Base on Balls Esteban Garza to second
|
Batting: RHB Jorge Cortéz
|
0-0: Grounds into fielders choice 4-2 (Groundball, 4) Esteban Garza to third Christian Porter to second
|
Batting: SHB Doug Acevedo
|
0-0: Ball 1-0: Foul Ball, location: 2F 1-1: Foul Ball, location: 2F 1-2: Ball 2-2: Ball 3-2: Strikes out looking
|
Bottom of the 7th over - 0 run(s), 1 hit(s), 0 error(s), 3 left on base; Jackson HS 5 - Huntsville HS 3 |
TOP OF THE 8TH |
Jackson HS Swamp Bats batting - Pitching for Huntsville HS Wasps : RHP Terrence Johnson
|
Batting: RHB Julián García
|
0-0: Called Strike 0-1: Called Strike 0-2: Foul Ball, location: 2F 0-2: Ball 1-2: Foul Ball, location: 2F 1-2: Ball 2-2: SINGLE (Groundball, 6D)
|
Batting: RHB Anthony O'Bryan
|
0-0: Ball Julián García is caught stealing 2nd base 1-0: Ball 2-0: Called Strike 2-1: Foul Ball, location: 2F 2-2: Fly out, F9 (Flyball, 89M)
|
Batting: RHB Russell Ferguson
|
0-0: Ball 1-0: Foul Ball, location: 2F 1-1: Ball 2-1: Ball 3-1: SINGLE (Flyball, 9LS)
|
Batting: RHB Ken Case
|
0-0: Foul Ball, location: 2F 0-1: Ground out 6-3 (Groundball, 6MD)
|
Top of the 8th over - 0 run(s), 2 hit(s), 0 error(s), 1 left on base; Jackson HS 5 - Huntsville HS 3 |
BOTTOM OF THE 8TH |
Huntsville HS Wasps batting - Pitching for Jackson HS Swamp Bats : RHP Carter Mortensen
|
Batting: RHB Jim Mak
|
0-0: Foul Ball, location: 2F 0-1: Ball 1-1: Foul Ball, location: 2F 1-2: Foul Ball, location: 2F 1-2: Foul Ball, location: 2F 1-2: Ball 2-2: Fly out, F1 (Line Drive, 15)
|
Pitching: RHP Greg Stone
|
|
Batting: RHB Peyton Ryan
|
0-0: Ball 1-0: Foul Ball, location: 2F 1-1: Ball 2-1: Foul Ball, location: 2F 2-2: Ball 3-2: Reached on error, E3 (Groundball, 34)
|
Batting: RHB Roberto Peńa
|
0-0: Ball 1-0: Ball 2-0: Ball 3-0: Base on Balls Peyton Ryan to second
|
Batting: RHB Mike Kennedy
|
0-0: Ball 1-0: Ball 2-0: Called Strike 2-1: SINGLE (Groundball, 4MD) Peyton Ryan to third Roberto Peńa to second Runner from 3rd tries for Home, SAFE, throw made home
|
Batting: SHB José Chávez
|
0-0: Ball 1-0: SINGLE (Groundball, 6MD) Roberto Peńa to third Mike Kennedy to second
|
Batting: RHB Esteban Garza
|
0-0: Called Strike 0-1: Foul Ball, location: 2F 0-2: Foul Ball, location: 2F 0-2: Foul Ball, location: 2F 0-2: Strikes out swinging
|
Pitching: RHP Kris Saunders
|
|
Batting: RHB Christian Porter
|
0-0: Ball 1-0: Ball 2-0: SINGLE (Line Drive, 56) Roberto Peńa scores Mike Kennedy to third José Chávez to second Runner from 3rd tries for Home, SAFE, no throw
|
Batting: RHB Jorge Cortéz
|
0-0: Ball 1-0: Ball 2-0: Ball 3-0: Called Strike 3-1: Base on Balls José Chávez to third Christian Porter to second
|
Batting: SHB Doug Acevedo
|
0-0: Ball 1-0: SINGLE (Flyball, 8LS) José Chávez scores Christian Porter to third Jorge Cortéz to second Runner from 3rd tries for Home, SAFE, no throw
|
Batting: RHB Jim Mak
|
0-0: Ball 1-0: Ball 2-0: Foul Ball, location: 2F 2-1: Ball 3-1: Foul Ball, location: 2F 3-2: Foul Ball, location: 2F 3-2: Foul Ball, location: 2F 3-2: Ground out 5-3 (Groundball, 56S)
|
Bottom of the 8th over - 5 run(s), 4 hit(s), 1 error(s), 2 left on base; Jackson HS 5 - Huntsville HS 8 |
TOP OF THE 9TH |
Jackson HS Swamp Bats batting - Pitching for Huntsville HS Wasps : RHP Terrence Johnson
|
Batting: RHB Brendon Bachman
|
0-0: Ball 1-0: Ball 2-0: Ball 3-0: Base on Balls
|
Batting: RHB Dan Crowder
|
0-0: Ball 1-0: Ball 2-0: Ball 3-0: Base on Balls Brendon Bachman to second
|
Batting: LHB Carlos Anaya
|
0-0: Ball 1-0: Ball 2-0: Foul Ball, location: 2F 2-1: Foul Ball, location: 2F 2-2: Strikes out looking
|
Batting: LHB Brad Fuller
|
0-0: Called Strike 0-1: Ball 1-1: Fly out, F6 (Line Drive, 6M)
|
Batting: RHB Ron Frost
|
0-0: Called Strike 0-1: Ball 1-1: Ball 2-1: Fielders Choice at 2nd, 4-6 (Groundball, 34)
|
Top of the 9th over - 0 run(s), 0 hit(s), 0 error(s), 1 left on base; Jackson HS 5 - Huntsville HS 8 |
|